 Dungeon Sprint DCSS version 0.30.1-4-g462c640d31 (webtiles) character file.

Game seed: 3628482892062287393

1232 Heoruswealwe the Grappler (level 8, 0/88 HPs)
             Began as a Troll Berserker on Aug 17, 2023.
             Was an Elder of Trog.
             Shot with an arrow by a centaur warrior (27 damage)
             ... in the Dungeon (Sprint I: "Red Sonja").
             The game lasted 00:04:06 (232 turns).

Heoruswealwe the Grappler (Troll Berserker)          Turns: 232, Time: 00:04:06

Health: 0/88       AC:  4    Str: 28    XL:     8   Next: 24%
Magic:  7/7        EV: 12    Int:  3    God:    Trog [****..]
Gold:   20         SH:  0    Dex:  9    Spells: 7/7 levels left

rFire   . .          .
                       - Unarmed
rCold   . . .        (no shield)
rNeg    . . .        a - +0 animal skin
rPois   .            (helmet restricted)
rElec   .            (no cloak)
rCorr   .            (gloves unavailable)
SInv    .            (boots unavailable)
Will    .....        (no amulet)
Stlth   +            (no ring)
HPRegen 1.14/turn    (no ring)
MPRegen 0.10/turn

%: no teleportation
@: no status effects
A: large, unfitting armour, claws 3, regeneration 1, shaggy fur 1, tough skin 1
a: Renounce Religion, Berserk, Trog's Hand, Brothers in Arms


You were in the Dungeon.
You worshipped Trog.
Trog was greatly pleased with you.
You visited 1 branch You collected 405 gold pieces.
You spent 385 gold pieces at shops.

Inventory:

Armour
 a - a +0 animal skin (worn)
Wands
 h - a wand of flame (21)
Scrolls
 e - a scroll of fear
 g - 2 scrolls of blinking
 i - 2 scrolls of identify
 j - a scroll of immolation
 l - a scroll of poison
Potions
 b - 2 potions of curing
 d - a potion of haste


   Skills:
 + Level 8.1 Fighting
 + Level 8.1 Dodging
 * Level 13.2 Unarmed Combat


You had 7 spell levels left.
You didn't know any spells.
Your spell library was empty.

Dungeon Overview and Level Annotations

Branches:
Dungeon (1/1)

Altars:
Cheibriados
Dithmenos
Elyvilon
Fedhas
Gozag
Hepliaklqana
Kikubaaqudgha
Makhleb
Nemelex Xobeh
Okawaru
Qazlal
Ru
Sif Muna
Trog
Uskayaw
Vehumet
Wu Jian
Xom
Yredelemnul
Zin
The Shining One
Jiyva
Lugonu

Shops:
D ?


Innate Abilities, Weirdness & Mutations

You are too large for most types of armour.
You have claws for hands.
Your natural rate of healing is unusually fast.
You are covered in fur. (AC +1)
You have tough skin. (AC +1)


Message History

Found a short sword.
The centaur warrior hits you!
The centaur warrior kicks you but does no damage.
The centaur warrior shoots an arrow.
The arrow hits you!
* * * LOW HITPOINT WARNING * * *
There is an open door, spattered with blood here.
You see here a +0 ring mail.
You see here a +0 short sword.
The centaur warrior closely misses you. The centaur warrior kicks you.
* * * LOW HITPOINT WARNING * * *
The centaur warrior hits you but does no damage.
The centaur warrior closely misses you.
You see here a +0 ring mail.
You claw the centaur warrior!
The centaur warrior is lightly wounded.
The centaur warrior shoots an arrow.
The arrow hits you!
* * * LOW HITPOINT WARNING * * *
The centaur warrior wields a +0 shortbow.
The centaur warrior shoots an arrow.
The arrow hits you!
* * * LOW HITPOINT WARNING * * *
You see here a +0 short sword.
You feel much better.
The centaur warrior unwields a +0 shortbow.
The centaur warrior hits you. The centaur warrior misses you.
You mangle the centaur warrior!!
The centaur warrior is severely wounded.
The centaur warrior hits you. The centaur warrior closely misses you.
You completely miss the centaur warrior.
The centaur warrior is severely wounded.
The centaur warrior hits you.
* * * LOW HITPOINT WARNING * * *
The centaur warrior kicks you but does no damage.
You scratch the centaur warrior.
The centaur warrior is severely wounded.
The centaur warrior closely misses you.
The centaur warrior completely misses you.
You mangle the centaur warrior!!
You kill the centaur warrior!
Trog accepts your kill.
The centaur warrior shoots an arrow.
The arrow hits you!!
You die...

#!.)..#..'..#__#..')..#,,*,,,,+,,
').#..').#..'..'..#)..#*+*,****,,
#####'#####'#__####...+,,*,*,***,
####..#...#.####?=#####,,+,*+*,**
#__####..##.#§~§§.#,,**+****,,,*,
#_____##'#_.+§§§§§+,,*,,,,,*,,,**
#_.∩.?.†..._#§§§.§#,,*,,,,,+,,,,,
#_..__##_.#'##§####*+***,,,*,,,,,
#_____###+#[#$c§@#**,+,*,,,***++*
#######**,####+###,***,*,,***,,**
,,,,,,,+,,,+,,,,,+,∩**,*,,****,,*
++++****,,,***********,**+*,,*,,*
,,,,,****,***,,,,,,,**,**,*,,,,,,
,,,,,,*,*+*,*,,,,,,,,+,****,,,,,,
*,,,,,*,,,,,*+++******,*,,+,,,,,,
,,,,,,*,,,,,*,,,,,,,,*,*****,,,**
,,,*,,*******,,,,,,,*+,*,,,*****,


You could see a centaur warrior.

Vanquished Creatures
  A centaur warrior (D)
  2 kobold demonologists (D)
  A slime creature (D)
  Sigmund (D)
  A yak (D)
  A floating eye (D)
  An ogre (D)
  A jelly (D)
  Ijyb (D)
10 creatures vanquished.

Notes
Turn   | Place    | Note
-------+----------+-------------------------------------------
     0 | D        | Heoruswealwe the Troll Berserker began the quest for the
                  | Orb.
     0 | D        | Reached XP level 1. HP: 22/22 MP: 0/0
     1 | D        | Noticed Ijyb
     7 | D        | Killed Ijyb
     8 | D        | Reached skill level 5 in Unarmed Combat
     8 | D        | Reached XP level 2. HP: 25/31 MP: 1/1
    13 | D        | Noticed an ogre
    20 | D        | Killed an ogre
    21 | D        | Reached skill level 7 in Unarmed Combat
    21 | D        | Reached XP level 3. HP: 40/40 MP: 2/2
    21 | D        | Reached XP level 4. HP: 49/49 MP: 3/3
    56 | D        | Noticed Sigmund
    71 | D        | Killed Sigmund
    71 | D        | Reached ** piety under Trog
    72 | D        | Reached skill level 5 in Fighting
    72 | D        | Reached skill level 5 in Dodging
    72 | D        | Reached skill level 9 in Unarmed Combat
    72 | D        | Reached XP level 5. HP: 34/59 MP: 4/4
    96 | D        | Found a burning altar of Makhleb.
    96 | D        | Found a viscous altar of Jiyva.
    96 | D        | Found a shimmering altar of Xom.
    96 | D        | Found a corrupted altar of Lugonu.
    96 | D        | Noticed a slime creature
   102 | D        | Killed a slime creature
   103 | D        | Reached skill level 10 in Unarmed Combat
   103 | D        | Reached XP level 6. HP: 62/68 MP: 5/5
   121 | D        | Found an ornate altar of the Wu Jian Council.
   121 | D        | Found a shimmering blue altar of Sif Muna.
   123 | D        | Found a radiant altar of Vehumet.
   152 | D        | Found Kafaun's Magic Scroll Emporium.
   152 | D        | Found an ancient bone altar of Kikubaaqudgha.
   152 | D        | Found a hazy altar of Hepliaklqana.
   152 | D        | Found a stormy altar of Qazlal.
   152 | D        | Found a hide-covered altar of Uskayaw.
   152 | D        | Found a blossoming altar of Fedhas.
   152 | D        | Found a bloodstained altar of Trog.
   152 | D        | Found an iron altar of Okawaru.
   152 | D        | Found a basalt altar of Yredelemnul.
   152 | D        | Found a glowing golden altar of the Shining One.
   152 | D        | Found a snail-covered altar of Cheibriados.
   152 | D        | Found a sacrificial altar of Ru.
   152 | D        | Found a glowing silver altar of Zin.
   152 | D        | Found a shadowy altar of Dithmenos.
   152 | D        | Found a white marble altar of Elyvilon.
   152 | D        | Noticed a yak
   159 | D        | Killed a yak
   159 | D        | Reached *** piety under Trog
   160 | D        | Reached skill level 11 in Unarmed Combat
   160 | D        | Reached XP level 7. HP: 78/78 MP: 6/6
   160 | D        | Found an opulent altar of Gozag.
   161 | D        | Found a sparkling altar of Nemelex Xobeh.
   165 | D        | Bought a scroll of identify for 28 gold pieces
   165 | D        | Bought a scroll of immolation for 56 gold pieces
   165 | D        | Bought a scroll of identify for 28 gold pieces
   165 | D        | Bought a scroll of amnesia for 56 gold pieces
   165 | D        | Bought a scroll of poison for 56 gold pieces
   165 | D        | Bought a scroll of identify for 28 gold pieces
   165 | D        | Bought a scroll of blinking for 105 gold pieces
   165 | D        | Bought a scroll of identify for 28 gold pieces
   186 | D        | Noticed a kobold demonologist
   188 | D        | Noticed a kobold demonologist
   194 | D        | Noticed a rust devil
   194 | D        | Killed a kobold demonologist
   195 | D        | Reached skill level 12 in Unarmed Combat
   201 | D        | Killed a kobold demonologist
   201 | D        | Reached **** piety under Trog
   202 | D        | Reached skill level 13 in Unarmed Combat
   202 | D        | Reached XP level 8. HP: 79/88 MP: 7/7
   216 | D        | Noticed a centaur warrior
   216 | D        | Noticed a centaur warrior
   227 | D        | HP: 3/88 [centaur warrior/arrow (12)]
   232 | D        | Killed a centaur warrior
   232 | D        | Shot with an arrow by a centaur warrior

Illustrated notes

Levels and vault maps discovered:
D:        dungeon_sprint_1 [red_sonja_temple_1, red_sonja_temple_small_1]

Skill      XL: |  1  2  3  4  5  6  7 |
---------------+----------------------+-----
Fighting       | 3 4 5 6 7 8 |  8.1
Dodging        | 3 4 5 6 7 8 |  8.1
Unarmed Combat | 5 7 9 10 11 13 | 13.2

Action                     |  1- 3 |  4- 6 |  7- 9 || total
---------------------------+-------+-------+-------++-------
  Melee: Unarmed           |     9 |    28 |    17 ||    54
         Punch             |       |     2 |       ||     2
    Use: Potion            |     1 |       |     1 ||     2
         Scroll            |       |       |     3 ||     3
 Armour: Animal skin       |     2 |     3 |     7 ||    12
  Dodge: Dodged            |     3 |     7 |    10 ||    20
